 Dungeon Crawl Stone Soup version 0.23.1 (webtiles) character file.

Game seed: 0

4399 esteth the Magician (level 10, -1/74 HPs)
             Began as a Gnoll Fire Elementalist on Mar 14, 2019.
             Was a Believer of Okawaru.
             Shot with an arrow by a centaur (11 damage)
             ... on level 9 of the Dungeon.
             The game lasted 00:28:14 (12584 turns).

esteth the Magician (Gnoll Fire Elementalist)      Turns: 12584, Time: 00:28:14

Health: -1/74      AC:  5    Str: 11    XL:     10   Next: 35%
Magic:  12/20      EV: 16    Int: 21    God:    Okawaru [**....]
Gold:   620        SH:  0    Dex: 15    Spells: 10/23 levels left

rFire    . . .     SeeInvis .   E - +3 battleaxe (freeze)
rCold    . . .     Gourm    .   (shield currently unavailable)
rNeg     . . .     Faith    .   D - +0 leather armour {MR+}
rPois    .         Spirit   .   A - +1 hat
rElec    .         Reflect  .   (no cloak)
rCorr    .         Harm     .   o - +0 pair of gloves
MR       +....                  (no boots)
Stlth    +++.......             (no amulet)
HPRegen  0.22/turn              (no ring)
MPRegen  0.17/turn              (no ring)

@: no status effects
A: distributed training, fangs 1, strong nose
a: Heroism, Renounce Religion


You were on level 9 of the Dungeon.
You worshipped Okawaru.
Okawaru was pleased with you.
You were not hungry.

You visited 2 branches of the dungeon, and saw 10 of its levels.

You collected 620 gold pieces.

Inventory:

Hand Weapons
 h - a +0 short sword of speed
 j - a +0 spear
 w - a +2 shortbow of velocity
 E - a +3 battleaxe of freezing (weapon)
Missiles
 B - 80 arrows (quivered)
Armour
 a - a +0 robe
 o - a +0 pair of gloves (worn)
 A - a +1 hat (worn)
 D - a +0 leather armour of magic resistance (worn)
Magical Staves
 I - an uncursed staff of cold
Jewellery
 t - an uncursed ring of ice
Wands
 y - a wand of paralysis (6)
Scrolls
 b - 3 scrolls of identify
 e - 3 scrolls of immolation {unknown}
 f - a scroll of enchant armour {unknown}
 g - 4 scrolls of remove curse {unknown}
 i - 5 scrolls of teleportation
 k - 6 scrolls of enchant weapon
 l - 2 scrolls of random uselessness {unknown}
 n - 2 scrolls of magic mapping {unknown}
 q - a scroll of fear {unknown}
 r - 4 scrolls of amnesia {unknown}
 u - a scroll of noise {unknown}
Potions
 d - a potion of flight
 m - a potion of brilliance
 p - 2 potions of curing {unknown}
 s - 2 potions of haste {unknown}
 v - 3 potions of magic {unknown}
 x - a potion of cancellation {unknown}
 z - 2 potions of resistance {unknown}
 C - a potion of berserk rage {unknown}
 F - 2 potions of mutation {unknown}
 H - a potion of heal wounds
Comestibles
 c - 14 rations
 G - 3 chunks of flesh


   Skills:
 + Level 5.1 Fighting
 + Level 5.1 Short Blades
 + Level 5.1 Long Blades
 + Level 5.1 Axes
 + Level 5.1 Maces & Flails
 + Level 5.1 Polearms
 + Level 5.1 Staves
 + Level 5.1 Slings
 + Level 5.1 Bows
 + Level 5.1 Crossbows
 + Level 5.1 Throwing
 + Level 5.1 Armour
 + Level 6.9 Dodging
 + Level 6.7 Stealth
 + Level 5.1 Shields
 + Level 5.1 Unarmed Combat
 + Level 7.2 Spellcasting
 + Level 4.8 Conjurations
 + Level 4.2 Hexes
 + Level 4.2 Charms
 + Level 4.2 Summonings
 + Level 4.2 Necromancy
 + Level 4.2 Translocations
 + Level 4.2 Transmutations
 + Level 7.0 Fire Magic
 + Level 4.2 Ice Magic
 + Level 4.2 Air Magic
 + Level 4.2 Earth Magic
 + Level 4.2 Poison Magic
 + Level 5.6 Invocations
 + Level 5.1 Evocations


You had 10 spell levels left.
You knew the following spells:

 Your Spells              Type           Power        Failure   Level  Hunger
a - Flame Tongue          Conj/Fire      ####.        1%          1    None
b - Sticky Flame          Conj/Fire      ####....     10%         4    ###....
c - Conjure Flame         Conj/Fire      ####....     3%          3    None
d - Lightning Bolt        Conj/Air       ####......   43%         5    #####..

Your spell library contained the following spells:

 Spells                   Type           Power        Failure   Level  Hunger
 Sandblast                Erth           ####..       1%          1    None
 Shock                    Conj/Air       ####         1%          1    None
 Throw Flame              Conj/Fire      ####..       1%          2    None
 Passwall                 Tmut/Erth      ####....     3%          2    None
 Swiftness                Chrm/Air       ####....     3%          2    None
 Inner Flame              Hex/Fire       ####....     3%          3    None
 Static Discharge         Conj/Air       ####....     4%          3    None
 Stone Arrow              Conj/Erth      ####..       4%          3    None
 Airstrike                Air            ####......   19%         4    ###....
 Petrify                  Tmut/Erth      ####....     19%         4    ###....
 Fireball                 Conj/Fire      ####......   26%         5    #####..
 Lee's Rapid Deconstruct  Erth           ####......   47%         5    #####..


Dungeon Overview and Level Annotations

Branches:
Dungeon (9/15)             Temple (1/1) D:6
   Lair: D:8-11         Orc: D:9-12

Altars:
Ashenzari
Cheibriados
Dithmenos
Elyvilon
Fedhas
Gozag
Hepliaklqana
Kikubaaqudgha
Makhleb
Nemelex Xobeh
Okawaru
Qazlal
Ru
Sif Muna
Trog
Uskayaw
Vehumet
Wu Jian
Xom
Yredelemnul
Zin
The Shining One
Beogh

Annotations:
D:3 1 runed translucent door, exclusion: downstairs, Crazy Yiuf
D:4 exclusion: downstairs


Innate Abilities, Weirdness & Mutations

Your experience applies equally to all skills.
You have very sharp teeth.
Your uncanny sense of smell can sniff out nearby items.


Message History

The crimson imp closely misses you.
Some of the chunks of flesh in your inventory have rotted away.
The crimson imp blinks!
You closely miss the crimson imp.
The crimson imp blinks!
You miss the crimson imp. The crimson imp completely misses you.
The crimson imp closely misses you.
The centaur shoots an arrow.
The arrow hits you!
* * * LOW HITPOINT WARNING * * *
The crimson imp blinks!
You see here an arrow.
The centaur shoots an arrow.
The arrow hits you.
* * * LOW HITPOINT WARNING * * *
The centaur shoots an arrow.
The arrow misses you.
You see here an arrow.
There is a stone staircase leading up here.
You see here an arrow.
The centaur shoots an arrow.
The arrow hits you.
* * * LOW HITPOINT WARNING * * *
The centaur shoots an arrow.
The arrow hits you!
You die...

..
#...#...########
#.#.# #.#
#....## #...#
#.# ##...#
##..## #.#
###o..# #...#
#.###..c..#
#...# .
#.##[.##..##
##..## ..
#.##(###...####
#...# ...#c...#
#...(..# ##.#.#
?...o####
#..(5(@# #....#
...#.# #......#
###..### .. #.#
######## ##<...#
. ... ##..#.##
... #..#..#
..... #....##
#.... ######
######


You could see a centaur, an orc priest and a crimson imp.

Vanquished Creatures
  A hippogriff (D:7)
  Sigmund (D:5)
  Duvessa (D:5)
  2 ice beasts
  2 orc warriors (D:6)
  2 phantoms
  2 black bears (D:7)
  4 ogres
  2 necrophages
  2 centaurs (D:7)
  6 bullfrogs
  Dowan (D:5)
  5 scorpions
  3 killer bees (D:8)
  9 wights (D:8)
  A howler monkey (D:6)
  3 crimson imps
  A quasit (D:7)
  12 orc wizards
  A hound (D:4)
  7 orc priests
  2 jellies (D:6)
  3 iguanas
  7 worker ants
  2 hound skeletons (D:4)
  Robin (D:1)
  A worker ant zombie (D:8)
  3 gnolls (D:6)
  10 adders
  2 shadow imps
  3 oozes
  2 adder skeletons
  An adder zombie (D:5)
  8 worms
  3 leopard geckos
  25 orcs
  A ball python (D:5)
  6 bats
  6 giant cockroaches
  2 gnoll zombies (D:4)
  17 goblins
  15 hobgoblins
  8 quokkas
  6 frilled lizards
  A giant cockroach zombie (D:3)
  9 kobolds
  7 rats
219 creatures vanquished.

Notes
Turn   | Place    | Note
-------+----------+-------------------------------------------
     0 | D:1      | esteth the Gnoll Fire Elementalist began the quest for the
                  | Orb.
     0 | D:1      | Reached XP level 1. HP: 13/13 MP: 6/6
   365 | D:1      | Reached XP level 2. HP: 19/19 MP: 5/7
   568 | D:2      | Noticed Robin
   988 | D:1      | Reached XP level 3. HP: 9/25 MP: 3/9
  1208 | D:1      | Reached skill level 5 in Spellcasting
  1217 | D:1      | Killed Robin
  1217 | D:1      | Reached skill level 1 in Invocations
  1587 | D:2      | Found a sacrificial altar of Ru.
  1669 | D:2      | Reached skill level 1 in Fighting
  1669 | D:2      | Reached skill level 1 in Short Blades
  1669 | D:2      | Reached skill level 1 in Long Blades
  1669 | D:2      | Reached skill level 1 in Axes
  1669 | D:2      | Reached skill level 1 in Maces & Flails
  1669 | D:2      | Reached skill level 1 in Polearms
  1669 | D:2      | Reached skill level 1 in Staves
  1669 | D:2      | Reached skill level 1 in Slings
  1669 | D:2      | Reached skill level 1 in Bows
  1669 | D:2      | Reached skill level 1 in Crossbows
  1669 | D:2      | Reached skill level 1 in Throwing
  1669 | D:2      | Reached skill level 1 in Armour
  1669 | D:2      | Reached skill level 1 in Shields
  1669 | D:2      | Reached skill level 1 in Unarmed Combat
  1669 | D:2      | Reached skill level 1 in Evocations
  1679 | D:2      | Reached XP level 4. HP: 24/32 MP: 2/11
  2060 | D:2      | Found a glowing silver altar of Zin.
  2068 | D:2      | Reached skill level 1 in Hexes
  2068 | D:2      | Reached skill level 1 in Charms
  2068 | D:2      | Reached skill level 1 in Summonings
  2068 | D:2      | Reached skill level 1 in Necromancy
  2068 | D:2      | Reached skill level 1 in Translocations
  2068 | D:2      | Reached skill level 1 in Transmutations
  2068 | D:2      | Reached skill level 1 in Ice Magic
  2068 | D:2      | Reached skill level 1 in Air Magic
  2068 | D:2      | Reached skill level 1 in Earth Magic
  2068 | D:2      | Reached skill level 1 in Poison Magic
  2073 | D:2      | Found a hide-covered altar of Uskayaw.
  2531 | D:3      | Reached XP level 5. HP: 37/37 MP: 12/12
  3575 | D:3      | Found a runed translucent door.
  3576 | D:3      | Noticed Crazy Yiuf
  3832 | D:4      | Noticed an ogre
  3840 | D:3      | Learned a level 4 spell: Sticky Flame
  3884 | D:4      | Reached XP level 6. HP: 38/44 MP: 7/13
  3993 | D:4      | Reached skill level 5 in Dodging
  4610 | D:4      | Reached XP level 7. HP: 50/50 MP: 11/15
  4969 | D:4      | Found a basalt altar of Yredelemnul.
  5036 | D:5      | Entered Level 5 of the Dungeon
  5060 | D:5      | Noticed Sigmund
  5321 | D:4      | Learned a level 3 spell: Conjure Flame
  5389 | D:5      | Killed Sigmund
  5471 | D:5      | Reached skill level 5 in Stealth
  5592 | D:5      | Noticed Dowan
  5593 | D:5      | Noticed Duvessa
  5739 | D:5      | Killed Dowan
  5982 | D:5      | Killed Duvessa
  5982 | D:5      | Reached XP level 8. HP: 57/57 MP: 9/16
  7895 | D:6      | Found a blossoming altar of Fedhas.
  8296 | D:6      | Reached XP level 9. HP: 31/65 MP: 12/18
  8734 | D:6      | Found a staircase to the Ecumenical Temple.
  8744 | Temple   | Entered the Ecumenical Temple
  8837 | Temple   | Became a worshipper of Warmaster Okawaru
  8984 | D:6      | You fall through a shaft!
  9541 | D:7      | Found an ornate altar of the Wu Jian Council.
  9978 | D:7      | Reached * piety under Okawaru
 10333 | D:7      | Found a roughly hewn altar of Beogh.
 10340 | D:7      | Reached skill level 5 in Invocations
 10584 | D:8      | Found an opulent altar of Gozag.
 10806 | D:8      | Found an ancient bone altar of Kikubaaqudgha.
 10855 | D:8      | Reached XP level 10. HP: 73/73 MP: 10/20
 11729 | D:8      | Reached ** piety under Okawaru
 11729 | D:8      | Reached skill level 5 in Fighting
 11729 | D:8      | Reached skill level 5 in Short Blades
 11729 | D:8      | Reached skill level 5 in Long Blades
 11729 | D:8      | Reached skill level 5 in Axes
 11729 | D:8      | Reached skill level 5 in Maces & Flails
 11729 | D:8      | Reached skill level 5 in Polearms
 11729 | D:8      | Reached skill level 5 in Staves
 11729 | D:8      | Reached skill level 5 in Slings
 11729 | D:8      | Reached skill level 5 in Bows
 11729 | D:8      | Reached skill level 5 in Crossbows
 11729 | D:8      | Reached skill level 5 in Throwing
 11729 | D:8      | Reached skill level 5 in Armour
 11729 | D:8      | Reached skill level 5 in Shields
 11729 | D:8      | Reached skill level 5 in Unarmed Combat
 11729 | D:8      | Reached skill level 5 in Evocations
 12458 | D:9      | Learned a level 5 spell: Lightning Bolt
 12584 | D:9      | Shot with an arrow by a centaur

Skill      XL: |  1  2  3  4  5  6  7  8  9 10 |
---------------+-------------------------------+-----
Conjurations   | 2 3 4 |  4.8
Spellcasting   | 5 6 7 |  7.2
Invocations    | 1 2 3 4 5 |  5.6
Fighting       | 1 2 3 4 5 |  5.1
Short Blades   | 1 2 3 4 5 |  5.1
Long Blades    | 1 2 3 4 5 |  5.1
Axes           | 1 2 3 4 5 |  5.1
Maces & Flails | 1 2 3 4 5 |  5.1
Polearms       | 1 2 3 4 5 |  5.1
Staves         | 1 2 3 4 5 |  5.1
Slings         | 1 2 3 4 5 |  5.1
Bows           | 1 2 3 4 5 |  5.1
Crossbows      | 1 2 3 4 5 |  5.1
Throwing       | 1 2 3 4 5 |  5.1
Armour         | 1 2 3 4 5 |  5.1
Shields        | 1 2 3 4 5 |  5.1
Unarmed Combat | 1 2 3 4 5 |  5.1
Evocations     | 1 2 3 4 5 |  5.1
Hexes          | 1 2 3 4 |  4.2
Charms         | 1 2 3 4 |  4.2
Summonings     | 1 2 3 4 |  4.2
Necromancy     | 1 2 3 4 |  4.2
Translocations | 1 2 3 4 |  4.2
Transmutations | 1 2 3 4 |  4.2
Ice Magic      | 1 2 3 4 |  4.2
Air Magic      | 1 2 3 4 |  4.2
Earth Magic    | 1 2 3 4 |  4.2
Poison Magic   | 1 2 3 4 |  4.2
Dodging        | 5 6 |  6.9
Stealth        | 5 6 |  6.7
Fire Magic     | 6 7 |  7.0

Action                   |  1- 3 |  4- 6 |  7- 9 | 10-12 || total
-------------------------+-------+-------+-------+-------++-------
Melee: Spear             |     5 |       |       |       ||     5
       Short sword       |    37 |   107 |   179 |     8 ||   331
       Bite              |     2 |     5 |    16 |       ||    23
       Punch             |     1 |     1 |     1 |       ||     3
       Battleaxe         |       |       |       |     4 ||     4
 Fire: Shortbow          |       |       |     7 |     7 ||    14
 Cast: Flame Tongue      |    40 |   106 |   263 |   108 ||   517
       Sticky Flame      |       |     1 |    12 |     3 ||    16
       Conjure Flame     |       |       |    12 |     7 ||    19
  Use: Potion            |     2 |       |     3 |       ||     5
       Scroll            |       |     1 |     5 |     1 ||     7
 Stab: Sleeping          |     1 |     7 |     3 |       ||    11
  Eat: Chunk             |     2 |     9 |    14 |     7 ||    32
       Ration            |       |       |     2 |       ||     2
Armor: Robe              |     2 |    20 |    29 |       ||    51
       Leather armour    |       |       |     1 |     5 ||     6
Dodge: Dodged            |    53 |    94 |   183 |    32 ||   362
